 Dungeon Crawl Stone Soup version 0.21.1-1-g345015f (webtiles) character file.

46 goulibeur the Unweaver (level 3, 0/29 HPs)
             Began as a Demonspawn Abyssal Knight on July 11, 2018.
             Was a Follower of Lugonu.
             Succumbed to an adder's poison
             ... on level 2 of the Dungeon.
             The game lasted 00:04:09 (1161 turns).

goulibeur the Unweaver (Demonspawn Abyssal Knight)  Turns: 1161, Time: 00:04:10

Health: 0/29       AC:  8    Str: 12    XL:     3   Next: 46%
Magic:  5/5        EV:  5    Int: 13    God:    Lugonu [*.....]
Gold:   78         SH:  0    Dex: 13    Spells: 2/2 levels left

rFire    . . .     SeeInvis .   i - +1 short sword (venom)
rCold    . . .     Gourm    .   (no shield)
rNeg     . . .     Faith    .   e - +0 chain mail
rPois    .         Spirit   .   (no helmet)
rElec    .         Reflect  .   (no cloak)
rCorr    .         Harm     .   (no gloves)
MR       .....                  (no boots)
Stlth    ..........             (no amulet)
HPRegen  0.09/turn              (no ring)
MPRegen  0.09/turn              (no ring)

@: lethally poisoned (0 -> -4)
A: demonic guardian 1
a: Depart the Abyss, Renounce Religion


You were on level 2 of the Dungeon.
You worshipped Lugonu.
Lugonu was aware of your devotion.
You were not hungry.

You visited 1 branch of the dungeon, and saw 2 of its levels.
You visited the Abyss 1 time.

You collected 78 gold pieces.

Inventory:

Hand Weapons
 a - a +1 short sword
 i - a +1 short sword of venom (weapon)
Armour
 b - a +0 leather armour
 e - a +0 chain mail (worn)
Scrolls
 d - 4 scrolls of identify {unknown}
 f - a scroll of enchant weapon {unknown}
 l - 2 scrolls of remove curse {unknown}
Potions
 g - a potion of heal wounds {unknown}
 h - a potion of curing {unknown}
 j - a potion of invisibility {unknown}
Comestibles
 c - 2 rations
 k - 7 chunks of flesh


   Skills:
 + Level 3.3 Fighting
 - Level 1.7 Short Blades
 + Level 2.1 Armour
 + Level 1.4 Dodging
 * Level 3.7 Invocations


You had 2 spell levels left.
You didn't know any spells.

Dungeon Overview and Level Annotations

Branches:
Dungeon (2/15)

Altars:
Nemelex Xobeh


Innate Abilities, Weirdness & Mutations

A weak demonic guardian rushes to your aid.


Message History

The adder bites you.
* * * LOW HITPOINT WARNING * * *
You are lethally poisoned!
The adder poisons you!
You miss the adder.
* * * LOW HITPOINT WARNING * * *
You feel sick. The adder barely misses you.
You hit the adder.
The adder is heavily wounded.
The adder bites you but does no damage.
You hit the adder but do no damage.
The adder is poisoned.
The adder is heavily wounded.
* * * LOW HITPOINT WARNING * * *
You feel sick.
The adder bites you but does no damage. x2
You hit the adder.
The adder looks as sick as possible!
The adder is almost dead.
The adder bites you but does no damage.
You closely miss the adder.
The adder is almost dead.
You die...

#.........########.#.###.#.#.#..#
#.........#..........# #.#.#.#...
#.........#..........###.#.#.#.#.
#..<......#..............#.#.....
#.........#.........######.#.####
#.........#.........# #..........
###'#####.# ######.## #.##.######
......###.########.####.##.......
...>............@S.<.............
......#.#########################
#######.#.................# #
#######.#.######........#.# #
#.................).....#.# ####
#.......#.#####.........#.####...
#.......#.# #.........#....'...
#.......#.# #.........######...
########### #........)'...#...#


You could see an adder.

Vanquished Creatures
  A worm (D:2)
  A dart slug (D:1)
  2 leopard geckos
  A giant cockroach (D:1)
  5 goblins
  7 hobgoblins
  3 jackals (D:1)
  A quokka (D:2)
  7 bats (D:1)
  A frilled lizard (D:1)
  3 kobolds
  5 rats
37 creatures vanquished.

Notes
Turn   | Place    | Note
-------+----------+-------------------------------------------
     0 | Abyss:1  | goulibeur the Demonspawn Abyssal Knight began the quest for the Orb.
     0 | Abyss:1  | Reached XP level 1. HP: 18/18 MP: 2/2
    63 | Abyss:1  | Noticed a small abomination
    66 | D:1      | Escaped the Abyss
   122 | D:1      | Reached skill level 1 in Dodging
   182 | D:1      | Reached * piety under Lugonu
   197 | D:1      | Gained mutation: A weak demonic guardian rushes to your aid. [demonic ancestry]
   197 | D:1      | Reached XP level 2. HP: 22/24 MP: 4/4
   584 | D:1      | Reached XP level 3. HP: 29/29 MP: 5/5
   942 | D:2      | Found a sparkling altar of Nemelex Xobeh.
  1159 | D:2      | HP: 1/29 [poisoned by an adder]
  1161 | D:2      | Succumbed to an adder's poison

Skill      XL: |  1  2 |
---------------+-------+-----
Dodging        | 1 |  1.4
Invocations    | 3 |  3.7
Armour         | 2 |  2.1
Fighting       | |  3.3
Short Blades   | |  1.7

Action                   || total
-------------------------++-------
Melee: Short sword       ||   125
Invok: Depart the Abyss  ||     1
  Eat: Chunk             ||     1
Armor: Chain mail        ||   106
Dodge: Dodged            ||    37
